AoeStats
← Simple Jack, u mad?

Oasis

507054972Analyzed
4v4 RM · 17d ago on Sep 16, 2026· 22m 14s· 8 players
Game mode
Random Map
Map size
Large (8 player)
Population
200
Speed
Normal
Resources
Standard
Victory
Conquest
Starting age
Dark Age
Ending age
Imperial Age
RankedLock teamsTeams togetherTeam positionsShared explorationLock speedFull tech treeHidden civsTurbo modeCheats
Victory
Defeat
🇨🇿 Dravidians · Czechia
1834
+9
🇳🇱 Mongols · Netherlands
1834
+9
🇫🇷 Persians · France
1737
+12
🇩🇪 Malians · Germany
1703
+14
🇨🇳 Vikings · China
1776
-16
🇨🇿 Spanish · Czechia
1651
-10
🇩🇪 Inca · Germany
1632
-10
🇸🇪 Italians · Sweden
1589
-8
=)Svanhilde
10:31 Feudal Age
8:48 Loom
10:35 Feudal Age
15:15 Castle Age
13:58 Double-Bit Axe
13:53 Horse Collar
14:23 Horse Collar
16:27 Scale Barding Armor
20:18 Bow Saw
20:08 Heavy Plow
20:58 Forging
22:37 Bloodlines
PraYs
8:14 Feudal Age
11:10 Double-Bit Axe
11:15 Horse Collar
11:21 Loom
18:52 Castle Age
17:31 Gold Mining
19:51 Bow Saw
20:28 Wheelbarrow
20:31 Heavy Plow
22:31 Gold Mining
Velky kanec
5:55 Loom
8:57 Feudal Age
10:00 Town Watch
LM \ Molle
6:19 Loom
8:43 Feudal Age
11:12 Double-Bit Axe
14:05 Horse Collar
16:03 Fletching
19:41 Town Watch
22:48 Castle Age
20:55 Gold Mining
Franczesco
8:54 Feudal Age
9:17 Loom
9:44 Double-Bit Axe
10:33 Horse Collar
18:56 Castle Age
17:22 Gold Mining
18:16 Bloodlines
18:39 Scale Barding Armor
19:51 Forging
20:14 Bow Saw
21:12 Husbandry
Simple Jack, u mad?
8:16 Loom
10:02 Feudal Age
12:13 Double-Bit Axe
19:10 Castle Age
19:17 Crossbowman
19:49 Fletching
19:27 Pikeman
tim.13
6:19 Loom
Willox
7:29 Loom
9:55 Feudal Age
11:11 Double-Bit Axe
15:14 Fletching
22:39 Castle Age
20:51 Horse Collar
21:46 Gold Mining
Connection lost

Rejoining the realm…

Still unreachable

The connection could not be restored.

Session expired

The server has moved on; the page needs a fresh start.